 Dungeon Sprint DCSS version 0.27-a0-773-gaaee5cf45b (webtiles) character file.

Game seed: 15104123323302560893

206 mhtbhm the Cudgeller (level 5, -5/59 HPs)
             Began as a Troll Berserker on Mar 26, 2021.
             Was an Elder of Trog.
             Slain by a two-headed ogre
             ... wielding a +0 giant spiked club
              (8 damage)
             ... in the Dungeon (Sprint IX: "|||||||||||||||||||||||||||||").
             The game lasted 00:00:58 (131 turns).

mhtbhm the Cudgeller (Troll Berserker)               Turns: 131, Time: 00:00:59

Health: -5/59      AC:  4    Str: 26    XL:     5   Next: 53%
Magic:  4/4        EV: 11    Int:  6    God:    Trog [****..]
Gold:   0          SH:  0    Dex: 12    Spells: 4/4 levels left

rFire    . . .     SeeInvis .   a - +2 morningstar (protect)
rCold    . . .     Faith    .   (no shield)
rNeg     . . .     Spirit   .   b - +0 animal skin
rPois    .         Reflect  .   (helmet restricted)
rElec    .         Harm     .   (no cloak)
rCorr    .         Rampage  .   (gloves unavailable)
Will     .....     NoTele   +   (boots unavailable)
Stlth    +.........             (no amulet)
HPRegen  1.19/turn              l - +3 ring of dexterity
MPRegen  0.09/turn              k - +3 ring of intelligence

@: berserk cooldown, very slightly contaminated, slowed, invisible, very slow
A: large, unfitting armour, claws 3, regeneration 1, shaggy fur 1, tough skin 1
a: Renounce Religion, Berserk, Trog's Hand, Brothers in Arms


You were in the Dungeon.
You worshipped Trog.
Trog was greatly pleased with you.
You visited 1 branch

Inventory:

Hand Weapons
 a - a +2 morningstar of protection (weapon)
Armour
 b - a +0 animal skin (worn)
Jewellery
 k - a +3 ring of intelligence (left claw)
 l - a +3 ring of dexterity (right claw)
Wands
 j - a wand of acid (10)
Scrolls
 h - a scroll of blinking
Potions
 c - 5 potions of curing
 d - 2 potions of heal wounds
 e - a potion of haste
 f - 4 potions of magic
 g - a potion of berserk rage


   Skills:
 + Level 5.9 Fighting
 + Level 7.3 Maces & Flails
 + Level 5.6 Dodging


You had 4 spell levels left.
You didn't know any spells.
Your spell library was empty.

Dungeon Overview and Level Annotations

Branches:
Dungeon (1/1)

Altars:
Cheibriados
Dithmenos
Elyvilon
Fedhas
Gozag
Hepliaklqana
Kikubaaqudgha
Makhleb
Nemelex Xobeh
Okawaru
Qazlal
Ru
Sif Muna
Trog
Uskayaw
Vehumet
Wu Jian
Xom
Yredelemnul
Zin
The Shining One
Beogh
Jiyva
Lugonu


Innate Abilities, Weirdness & Mutations

You are too large for most types of armour.
You have claws for hands.
Your natural rate of healing is unusually fast.
You are covered in fur. (AC +1)
You have tough skin. (AC +1)


Message History

You closely miss the orc warrior.
The orc warrior is heavily wounded.
The orc warrior barely misses you.
You hit the orc warrior.
The orc warrior is heavily wounded.
The orc warrior barely misses you.
Unknown command.
You bludgeon the orc warrior!!
You kill the orc warrior!
Trog accepts your kill.
You can now call in reinforcements.
Your Maces & Flails skill increases to level 7!
Your Dodging skill increases to level 5!
You have reached level 5!
You feel a strong urge to attack something.
You see here a +1 chain mail.
You are no longer berserk.
You are exhausted.
You feel yourself slow down.
You see here a +0 helmet.
Blink to where?
Press: ? - help, Dir - move target
As you read the scroll of blinking, it crumbles to dust.
You fail to use your ability.
Okay, then.
There is a glowing silver altar of Zin here.
There is a basalt altar of Yredelemnul here.
There is a shimmering altar of Xom here.
There is an ornate altar of the Wu Jian Council here.
You fade into invisibility!
You are very lightly contaminated with residual magic.
There is a radiant altar of Vehumet here.
There is a hide-covered altar of Uskayaw here.
There is a bloodstained altar of Trog here.
You feel much better.
The two-headed ogre hits you with a +0 giant spiked club!!
The two-headed ogre hits you with a +0 giant club!!
* * * LOW HITPOINT WARNING * * *
The two-headed ogre barely misses you.
The two-headed ogre hits you with a +0 giant club!
You die... ▓▓▓▓▓▓▓▓▓▓▓▓▓▓▓▓▓▓▓▓▓▓▓▓▓▓▓▓▓▓▓▓▓ O[[[.)?.'D_c_TyO@________________ ▓▓▓▓▓▓▓▓▓▓▓▓▓▓▓▓▓▓▓▓▓▓▓▓▓▓▓▓▓▓▓▓▓

You could see a two-headed ogre, a troll, an acid dragon, a centaur and a killer bee.

Vanquished Creatures
  An orc warrior (D)
  A scorpion (D)
  2 hounds (D)
  An adder zombie (D)
  An orc (D)
  2 hobgoblins (D)
  A kobold (D)
  A bat (D)
  A frilled lizard (D)
11 creatures vanquished.

Notes
Turn   | Place    | Note
-------+----------+-------------------------------------------
     0 | D        | mhtbhm the Troll Berserker began the quest for the Orb.
     0 | D        | Reached XP level 1. HP: 22/22 MP: 0/0
     8 | D        | Reached skill level 3 in Maces & Flails
    10 | D        | Reached ** piety under Trog
    23 | D        | Noticed a scorpion
    23 | D        | Noticed a hound
    23 | D        | Noticed a hound
    33 | D        | Killed a hound
    33 | D        | Reached *** piety under Trog
    34 | D        | Reached skill level 4 in Maces & Flails
    34 | D        | Reached XP level 2. HP: 32/32 MP: 1/1
    34 | D        | Reached XP level 3. HP: 39/39 MP: 2/2
    36 | D        | Reached skill level 5 in Maces & Flails
    36 | D        | Killed a scorpion
    37 | D        | Reached skill level 5 in Fighting
    37 | D        | Reached XP level 4. HP: 50/50 MP: 3/3
    42 | D        | Reached skill level 6 in Maces & Flails
    48 | D        | Found a snail-covered altar of Cheibriados.
    48 | D        | Found a shadowy altar of Dithmenos.
    48 | D        | Found a white marble altar of Elyvilon.
    48 | D        | Found a blossoming altar of Fedhas.
    48 | D        | Found an opulent altar of Gozag.
    49 | D        | Found a hazy altar of Hepliaklqana.
    50 | D        | Found a viscous altar of Jiyva.
    51 | D        | Found an ancient bone altar of Kikubaaqudgha.
    52 | D        | Found a corrupted altar of Lugonu.
    53 | D        | Found a burning altar of Makhleb.
    54 | D        | Found a sparkling altar of Nemelex Xobeh.
    55 | D        | Found an iron altar of Okawaru.
    56 | D        | Found a stormy altar of Qazlal.
    57 | D        | Found a sacrificial altar of Ru.
    58 | D        | Found a shimmering blue altar of Sif Muna.
    59 | D        | Found a bloodstained altar of Trog.
    60 | D        | Found a hide-covered altar of Uskayaw.
    61 | D        | Found a radiant altar of Vehumet.
    62 | D        | Found an ornate altar of the Wu Jian Council.
    63 | D        | Found a shimmering altar of Xom.
    64 | D        | Found a basalt altar of Yredelemnul.
    65 | D        | Found a glowing silver altar of Zin.
    66 | D        | Found a glowing golden altar of the Shining One.
   107 | D        | Noticed an acid dragon
   107 | D        | Noticed a centaur
   107 | D        | Noticed a troll
   107 | D        | Noticed a two-headed ogre
   107 | D        | Noticed an orc warrior
   117 | D        | Killed an orc warrior
   117 | D        | Reached **** piety under Trog
   118 | D        | Reached skill level 7 in Maces & Flails
   118 | D        | Reached skill level 5 in Dodging
   118 | D        | Reached XP level 5. HP: 16/59 MP: 4/4
   131 | D        | Slain by a two-headed ogre

Illustrated notes

Levels and vault maps discovered:
D:        linesprint [early_d, line_temple, items_1, d_10, items_2, lair_1,
          lair_end, items_3, orc_1, orc_end, items_4, d_15, swamp_1, shoals_1,
          snake_1, spider_1, d_20, vaults_1, items_5, swamp_end, shoals_end,
          snake_end, spider_end, vaults_end, d_27, items_6, zot_1, zot_end,
          crypt_end, forest_end, elf_end, slime_end, tomb_end, abyss_end,
          pan_hell_end]

Skill      XL: |  1  2  3  4 |
---------------+-------------+-----
Maces & Flails | 4 5 7 |  7.3
Fighting       | 3 5 |  5.9
Dodging        | 3 4 5 |  5.6

Action                   |  1- 3 |  4- 6 || total
-------------------------+-------+-------++-------
Melee: Mace              |    25 |     5 ||    30
       Morningstar       |       |     9 ||     9
Invok: Berserk           |     1 |     1 ||     2
  Use: Potion            |       |     2 ||     2
       Scroll            |       |     1 ||     1
Armor: Animal skin       |     5 |       ||     5
Dodge: Dodged            |    12 |     6 ||    18

Table legend: (Time is in decaauts)
 A = Elapsed time spent in this place.
 B = Non-inter-level travel time spent in this place.
 C = Inter-level travel time spent in this place.
 D = Time resting spent in this place.
 E = Time spent auto-exploring this place.
 F = Levels seen in this place.
 G = Mean time per level.
                   A        B        C        D        E       F      G
               +--------+--------+--------+--------+--------+-----+--------+
         Total |    142 |    142 |      0 |      0 |      9 |   1 |  142.0 |
       Dungeon |    142 |    142 |      0 |      0 |      9 |   1 |  142.0 |
               +--------+--------+--------+--------+--------+-----+--------+

Top non-repeatable levels by time:
       D: 142 daAuts
